 Dungeon Crawl Stone Soup version 0.21-a0-509-gecc5317 (webtiles) character file.

86 kae the Ruffian (level 4, -11/44 HPs)
             Began as a Troll Monk on Nov 29, 2017.
             Mangled by Crazy Yiuf
             ... wielding a +3 quarterstaff of chaos
              (19 damage)
             ... on level 3 of the Dungeon.
             The game lasted 00:02:13 (2062 turns).

kae the Ruffian (Troll Monk)                        Turns: 2062, Time: 00:02:14

Health: -11/44     AC:  5    Str: 21    XL:     4   Next: 26%
Magic:  3/3        EV: 10    Int:  4    God:
Gold:   145        SH:  0    Dex: 13    Spells: 3/3 levels left

rFire    . . .     SeeInvis .     - Unarmed
rCold    . . .     Gourm    +   (no shield)
rNeg     . . .     Faith    .   a - +0 robe
rPois    .         Spirit   .   (helmet restricted)
rElec    .         Reflect  .   (no cloak)
rCorr    .         Harm     .   (gloves unavailable)
MR       .....                  (boots unavailable)
Stlth    +.........             (no amulet)
HPRegen  0.54/turn              (no ring)
MPRegen  0.08/turn              (no ring)

@: lethally poisoned (-11 -> -11), drained
A: large, unfitting armour, claws 3, dopey 1, fast metabolism 3, gourmand,
mutation resistance 1, regeneration 1, shaggy fur 1, strong 1, tough skin 2
a: no special abilities


You were on level 3 of the Dungeon.
You were very full.

You visited 1 branch of the dungeon, and saw 3 of its levels.

You collected 145 gold pieces.

Inventory:

Armour
 a - a +0 robe (worn)
Jewellery
 l - a +6 ring of intelligence {unknown}
 m - a +2 ring of strength {unknown}
 n - an uncursed amulet of harm {unknown}
Scrolls
 o - a scroll of enchant armour {unknown}
 p - 3 scrolls of remove curse
 q - a scroll of amnesia {unknown}
Potions
 d - 3 potions of curing
 e - a potion of lignification
 f - a potion of mutation
 h - a potion of brilliance {unknown}
 k - a potion of berserk rage {unknown}
Books
 j - a book of Misfortune

   Spells                             Type                      Level
   a - Confusing Touch                Hexes                        1
   b - Confuse                        Hexes                        3
   c - Gell's Gravitas                Translocation                3
   d - Petrify                        Transmutation/Earth          4
   e - Metabolic Englaciation         Hexes/Ice                    5
   f - Yara's Violent Unravelling     Hexes/Transmutation          5
Comestibles
 b - 6 bread rations
 c - 3 royal jellies
 g - 2 fruits
 i - a meat ration


   Skills:
 + Level 2.9(2.4) Fighting
 + Level 0.2(0.0) Armour
 + Level 2.9(2.4) Dodging
 - Level 1.0(0.5) Stealth
 * Level 4.1(3.6) Unarmed Combat


You had 3 spell levels left.
You didn't know any spells.

Dungeon Overview and Level Annotations

Branches:
Dungeon (3/15)

Altars:
Dithmenos
Vehumet
Yredelemnul

Annotations:
D:3 Crazy Yiuf


Innate Abilities, Weirdness & Mutations

You are too large for most types of armour.
You have claws for hands.
Your metabolism is lightning-fast.
You like to eat raw meat.
Your natural rate of healing is unusually fast.
You are covered in fur. (AC +1)
You have very tough skin. (AC +2)
You are dopey. (Int -2)
You are somewhat resistant to further mutation.
Your muscles are strong. (Str +2)


Message History

You feel sick.
Crazy Yiuf hits you with a quarterstaff of chaos.
Space bends around you.
You are too injured to fight recklessly!
You are too injured to fight recklessly!
You are too injured to fight recklessly!
You are too injured to fight recklessly!
You are too injured to fight recklessly!
You scratch Crazy Yiuf.
Crazy Yiuf is almost dead.
Crazy Yiuf hits you with a quarterstaff of chaos.
You feel drained.
You completely miss Crazy Yiuf.
Crazy Yiuf is almost dead.
You feel sick.
Crazy Yiuf whimpers, "Snower!
Whippet King pontify."
Crazy Yiuf hits you with a quarterstaff of chaos!
* * * LOW HITPOINT WARNING * * *
You are electrocuted!
You die...

##############################..#
#########.......<.......#
#...........##########.##
#.########### #....... #######
#.# ##...... ....<.# #.# #.#####
##....# #.# #### ♣♣###.# #....#
#.# #)..#♣♣ ♣♣P#...# #....#####
#..g@.♣♣♣♣.P....# #)..(....#
#...#♣..♣.PP...## #....##### ####
♣♣♣.♣..#.## #....# ♣♣♣♣♣###
#....# ##....#############
############ ..................#
#...........
###....##########################
##.#.# #.............#'#......


You could see Crazy Yiuf.

Vanquished Creatures
  A gnoll (D:1)
  2 adders (D:2)
  A worm (D:2)
  A dart slug (D:1)
  2 leopard geckos (D:2)
  A giant cockroach (D:1)
  5 goblins
  5 hobgoblins
  10 jackals
  A quokka (D:2)
  2 ball pythons
  4 bats
  4 frilled lizards
  7 kobolds
  A rat (D:2)
47 creatures vanquished.

Notes
Turn   | Place    | Note
-------+----------+-------------------------------------------
     0 | D:1      | kae the Troll Monk began the quest for the Orb.
     0 | D:1      | Reached XP level 1. HP: 22/22 MP: 0/0
   237 | D:1      | Reached XP level 2. HP: 29/29 MP: 1/1
   665 | D:1      | Reached XP level 3. HP: 36/36 MP: 2/2
   733 | D:2      | Gained mutation: You are dopey. (Int -2) [potion of mutation]
   733 | D:2      | Gained mutation: You are somewhat resistant to further mutation. [potion of mutation]
   733 | D:2      | Gained mutation: Your muscles are strong. (Str +2) [potion of mutation]
   757 | D:2      | Found a radiant altar of Vehumet.
   817 | D:2      | Reached skill level 4 in Unarmed Combat
   860 | D:2      | Found a shadowy altar of Dithmenos.
  1062 | D:2      | Reached XP level 4. HP: 42/44 MP: 3/3
  1311 | D:3      | Found a basalt altar of Yredelemnul.
  1692 | D:3      | Found a runed door.
  2054 | D:3      | Noticed Crazy Yiuf
  2062 | D:3      | Mangled by Crazy Yiuf

Vault maps used:
D:1:      ncdulo_halloftheorcs
D:2:      fiery_altar_vehumet, nicolae_dithmenos_through_a_glass_darkly
D:3:      nicolae_overflow_crystal_walls, uniq_crazy_yiuf_cottage

Skill      XL: |  1  2  3 |
---------------+----------+-----
Unarmed Combat | 4 |  4.1
Fighting       | |  2.9
Armour         | |  0.2
Dodging        | |  2.9
Stealth        | |  1.0

Action                   |  1- 3 |  4- 6 || total
-------------------------+-------+-------++-------
Melee: Unarmed           |    96 |    37 ||   133
  Use: Scroll            |     6 |     2 ||     8
       Potion            |     1 |       ||     1
 Stab: Distracted        |     1 |       ||     1
       Sleeping          |     1 |       ||     1
  Eat: Chunk             |    14 |     9 ||    23
Armor: Robe              |    33 |    10 ||    43
Dodge: Dodged            |    47 |    14 ||    61

Table legend:
 A = Spawn XP
 B = Non-spawn XP
 C = Spawn XP percentage of total XP
 D = Spawn monster count
 E = Non-spawn monster count
 F = Spawn count percentage of total count
 G = Total turns spent on level
                    A         B        C        D         E        F      G
               +---------+---------+-------+---------+---------+-------+---------
         Total |       0 |     123 |   0.0 |       0 |      47 |   0.0 |  2062
               +---------+---------+-------+---------+---------+-------+---------
           D:1 |       0 |      43 |   0.0 |       0 |      19 |   0.0 |   724
           D:2 |       0 |      62 |   0.0 |       0 |      19 |   0.0 |   506
           D:3 |       0 |      18 |   0.0 |       0 |       9 |   0.0 |   832
               +---------+---------+-------+---------+---------+-------+---------
